 Dungeon Crawl Stone Soup version 0.14-a0-2162-g062a2ce (webtiles) character file.

102 Kae the Firebug (level 3, -2/19 HPs)
             Began as a Tengu Fire Elementalist on Jan 28, 2014.
             Killed from afar by Sigmund (9 damage)
             ... with a puff of flame
             ... on Level 2 of the Dungeon.
             The game lasted 00:01:23 (1158 turns).

Kae the Firebug (Tengu Fire Elementalist)           Turns: 1158, Time: 00:01:23

HP  -2/19        AC  4     Str 13      XL: 3   Next: 35%
MP   7/7         EV 12     Int 16      God:
Gold 67          SH  0     Dex 14      Spells:  1 memorised,  5 levels left

rFire  . . .     SeeInvis .     (no weapon)
rCold  . . .     Clarity  .     a - +1 robe
rNeg   . . .     Conserve .     (no shield)
rPois  .         rCorr    .     (helmet restricted)
rElec  .         rRot     .     l - +0 cloak
SustAb . .       Spirit   .     (no gloves)
rMut   .         Warding  .     (boots unavailable)
Saprov . . .     Stasis   .     (no amulet)
MR     .....                    (no ring)
                                (no ring)

@: about to teleport, mighty, not resistant to hostile enchantments, fairly
stealthy
A: beak, talons 3
a: no special abilities


You were on level 2 of the Dungeon.
You were hungry.

You visited 1 branch of the dungeon, and saw 2 of its levels.

You collected 67 gold pieces.

Inventory:

Armour
 a - a +1 robe (worn)
 l - a +0 cloak (worn)
Comestibles
 c - a bread ration
Scrolls
 h - 2 scrolls of fog
 i - a scroll of remove curse {unknown}
 m - a scroll of identify
 o - a scroll of curse armour {unknown}
Potions
 f - a potion of cure mutation {unknown}
 g - a potion of speed {unknown}
 k - 3 potions of heal wounds {unknown}
Books
 b - a book of Flames

   Spells                             Type                      Level
   *Flame Tongue                      Conjuration/Fire             1
   Throw Flame                        Conjuration/Fire             2
   Conjure Flame                      Conjuration/Fire             3
   Inner Flame                        Hexes/Fire                   3
   Sticky Flame                       Conjuration/Fire             4
   Fireball                           Conjuration/Fire             5


   Skills:
 - Level 2.1 Dodging
 - Level 2.0 Stealth
 + Level 2.2 Spellcasting
 * Level 3.1 Conjurations
 * Level 3.8 Fire Magic


You had 5 spell levels left.
You knew the following spells:

 Your Spells              Type           Power        Failure   Level  Hunger
a - Flame Tongue          Conj/Fire      ##...        6%          1    #......


Dungeon Overview and Level Annotations

Branches:
Dungeon (2/16)

Altars:

Annotations:
D:2 Sigmund


Innate Abilities, Weirdness & Mutations

You have a beak for a mouth.
You have claws for feet.


Message History

Nothing appears to happen.
You hear some strange, mumbled words.
The puff of flame hits you!
Read which item? (? for menu, Esc to quit)
As you read the scroll labeled OXZEPP IWNA, it crumbles to dust.
Nothing appears to happen.
Something hits you.
Read which item? (? for menu, Esc to quit)
As you read the scroll labeled SUANTI BUALIQ, it crumbles to dust.
Use on which item? (\ to view known items) (? for menu, Esc to quit)
n - a scroll of teleportation It was a scroll of identify.
Something hits you.
Read which item? (? for menu, Esc to quit)
As you read the scroll of teleportation, it crumbles to dust.
You feel strangely unstable.
Drink which item? (? for menu, Esc to quit)
You feel very mighty all of a sudden.
It was a potion of might.
You hear some strange, mumbled words.
The puff of flame hits you!
You die...

.............
.........###.##
..#.########... ..#####.#
#.# #. .. ..+ #.# #.# #
..## #.###.# ...# #.#...#
#..# #.....# #..# ###.#.#
#############..# ####.#.#
......{{§@§§...# #....#.#
#############.##.#.####.##
#...........#.....).#
#.#####.#####..######
#.#####.### #..######
#.##......# #.......#
#.....#.#.####.###.##
#.##...........# #.#
####...#..###### #.#


There were no monsters in sight!

Vanquished Creatures
  An adder (D:2)
  8 bats
  2 hobgoblins
  3 jackals (D:2)
  2 kobolds (D:1)
  A giant cockroach (D:2)
  A giant newt (D:1)
  6 goblins (D:1)
  A quokka (D:2)
  2 rats (D:1)
27 creatures vanquished.

Notes
Turn   | Place    | Note
--------------------------------------------------------------
     0 | D:1      | Kae, the Tengu Fire Elementalist, began the quest for the Orb.
     0 | D:1      | Reached XP level 1. HP: 10/10 MP: 3/3
   353 | D:1      | Reached XP level 2. HP: 10/15 MP: 3/5
   796 | D:2      | Reached XP level 3. HP: 15/19 MP: 4/7
  1145 | D:2      | Noticed Sigmund
  1158 | D:2      | Killed from afar by Sigmund

Action                   || total
-------------------------++-------
Melee: Unarmed           ||    41
 Cast: Flame Tongue      ||    32
  Use: Scroll            ||     6
       Potion            ||     1
